cohdb
Replays
Latest Replays
All Replays
Popular Replays
Top Player Replays
Match Explorer
How It Works
Community
CoH3 Stats
Reddit
Sign in to upload your games and track your stats! →
Sign in with Steam
Match 41171542
Unlisted
Match 41171542
Overview
Messages
Build Orders
End
Construct Infanterie Kompanie
Selects Luftwaffe Battlegroup
Selects Luftwaffe Pioneer Support
Fallschirmpioneer Squad Paradrop
Grenadier Squad
Fallschirmpioneer Squad Paradrop
Selects Stuka Strafing Run
Construct Panzergrenadier Kompanie
Stuka Strafing Run
251 Medium Carrier
Panzergrenadier Squad
Selects Fallschirmjäger Squad Paradrop
Fallschirmjäger Squad Paradrop
Stuka Strafing Run
Support Elements
Medical Station
Stuka Strafing Run
Construct Panzer Kompanie
Nebelwerfer 42 Rocket Launcher Team
Stoßtruppen Squad
Stuka Strafing Run
MG 42 Machine Gun Team
Selects Stuka Loiter
Stuka Loiter
Panzer IV Medium Tank
Stuka Strafing Run
Panzer IV Medium Tank
Selects LG40 Recoilless Gun Paradrop
Mr Freemon
Raul Mayer ✠
Monseigneur
***** *******
快乐闭麦自由人
C.R575
Crentist
CAPTAINSTRONG
0
0
Comments
sign in to comment!
No comments posted yet!